 Dungeon Crawl Stone Soup version 0.22.0-60-ga52c2fcf6e (webtiles) character file.

283826 Fymir27 the Warrior (level 19, -6/179 HPs)
             Began as a Minotaur Berserker on Sept 10, 2018.
             Was the Champion of Trog.
             Killed from afar by a deep elf annihilator (64 damage)
             ... with a crystal spear
             ... on level 3 of the Elven Halls.
             The game lasted 03:29:41 (36340 turns).

Fymir27 the Warrior (Minotaur Berserker)           Turns: 36340, Time: 03:29:42

Health: -6/179     AC: 25    Str: 28    XL:     19   Next: 77%
Magic:  27/27      EV: 16    Int: 11    God:    Trog [******]
Gold:   3504       SH: 28    Dex: 17    Spells: 18/18 levels left

rFire    + . .     SeeInvis +   a - +5 demon whip (elec)
rCold    + . .     Gourm    .   T - +6 large shield of the Iron City of Dis {Int+6}
rNeg     . . .     Faith    .   U - +9 plate armour of the Ecumenical Temple {*Corrode +Inv Dex+2}
rPois    .         Spirit   .   (helmet restricted)
rElec    .         Reflect  .   C - scarf {rC+ rF+}
rCorr    .         Harm     .   s - +2 pair of gloves
MR       +++..                  x - +1 pair of boots
Stlth    ..........             D - amulet of regeneration
HPRegen  1.79/turn              Z - +4 ring of strength
MPRegen  0.20/turn              H - ring of see invisible

@: lethally poisoned (-6 -> -6), about to teleport, corroded, berserk cooldown,
regenerating, slowed, very slow
A: retaliatory headbutt, horns 2
}: 2/15 runes: decaying, gossamer
a: Berserk, Trog's Hand, Brothers in Arms, Renounce Religion, Evoke Invisibility


You were on level 3 of the Elven Halls.
You worshipped Trog.
Trog was exalted by your worship.
You were near starving.

You visited 6 branches of the dungeon, and saw 33 of its levels.
You also visited: Labyrinth, Sewer, Ossuary, Bailey and Ice Cave.

You collected 4397 gold pieces.
You spent 893 gold pieces at shops.

Inventory:

Hand Weapons
 a - a +5 demon whip of electrocution (weapon)
 b - a +4 hand crossbow of freezing
Missiles
 d - 2 javelins of penetration
 h - 504 bolts
 o - 9 throwing nets (quivered)
 E - 14 javelins of returning
Armour
 s - a +2 pair of gloves (worn)
 x - a +1 pair of boots (worn)
 C - a scarf of resistance (worn)
 T - the +6 large shield of the Iron City of Dis (worn) {Int+6}
   (You took it off Louise on level 1 of the Spider Nest)

   It affects your intelligence (+6).
 U - the +9 plate armour of the Ecumenical Temple (worn) {*Corrode +Inv Dex+2}
   (You found it on level 11 of the Dungeon)

   It affects your dexterity (+2).
   It lets you turn invisible.
   It may corrode you when you take damage.
Jewellery
 p - an uncursed ring of protection from cold
 y - an uncursed amulet of the acrobat
 D - an amulet of regeneration (around neck)
 H - a ring of see invisible (right hand)
 K - an uncursed ring of flight
 V - a +4 ring of strength
 Z - a +4 ring of strength (left hand)
Wands
 f - a wand of clouds (12)
 i - a wand of scattershot (3)
 l - a wand of digging (6)
 m - a wand of acid (25)
 r - a wand of paralysis (30)
 N - a wand of enslavement (33)
 R - a wand of iceblast (29)
 X - a wand of disintegration (5)
Scrolls
 j - 17 scrolls of teleportation
 k - 10 scrolls of remove curse
 A - 7 scrolls of magic mapping
 F - 3 scrolls of blinking
 G - 2 scrolls of silence
 J - 7 scrolls of fear
 M - 11 scrolls of fog
 P - 12 scrolls of identify
 W - a scroll of summoning
Potions
 e - 2 potions of resistance
 g - 3 potions of invisibility
 n - 4 potions of haste
 q - a potion of cancellation
 t - 10 potions of curing
 u - 8 potions of might
 w - 5 potions of heal wounds
 z - 8 potions of lignification
 B - 3 potions of magic
 I - 4 potions of flight
 L - 2 potions of brilliance
 O - 2 potions of mutation
 S - 2 potions of agility
 Y - 3 potions of ambrosia
Miscellaneous
 Q - a box of beasts
Comestibles
 c - 37 rations
 v - 9 chunks of flesh


   Skills:
 + Level 18.2 Fighting
   Level 1.3(12.2) Axes
 - Level 17.9(18.0) Maces & Flails
 - Level 10.0 Crossbows
 + Level 17.2 Armour
 - Level 16.0 Dodging
 * Level 15.6 Shields
 - Level 12.0 Evocations


You had 18 spell levels left.
You didn't know any spells.
Your spell library was empty.

Dungeon Overview and Level Annotations

Branches:
Dungeon (15/15)            Temple (0/1) D:7            Lair (5/6) D:10
  Swamp (4/4) Lair:4       Spider (4/4) Lair:2          Orc (2/2) D:10
    Elf (3/3) Orc:2        Vaults (0/5) D:13         Depths (0/5) D:15
  Slime: Lair:5-6

Altars:
Ashenzari
Cheibriados
Dithmenos
Elyvilon
Fedhas
Kikubaaqudgha
Nemelex Xobeh
Qazlal
Sif Muna
Xom
Beogh

Shops:
D:5 (*   D:6 *   D:7 *   D:8 *   D:9 [   D:11 ?*   Orc:2 ?([(   Elf:1 ?}}
Elf:3 (

Annotations:
D:5 deep water vault


Innate Abilities, Weirdness & Mutations

You reflexively headbutt those who attack you in melee.
You have a pair of horns on your head.


Message History

You kill the deep elf sorcerer!
Trog accepts your kill.
Trog appreciates your killing of a magic user.
Training target 16.0 for Dodging reached!
Your Dodging skill increases to level 16!
You barely miss the deep elf demonologist.
You are no longer berserk.
You are exhausted.
You feel yourself slow down. You block the ynoxinul's attack.
As you read the scroll of teleportation, it crumbles to dust.
You feel strangely unstable.
You feel sick.
The deep elf annihilator gestures at you while chanting.
The bolt of lightning hits the ynoxinul.
The ynoxinul resists.
The bolt of lightning hits you!
* * * LOW HITPOINT WARNING * * *
The deep elf demonologist gestures wildly while chanting.
You block the ynoxinul's attack.
The deep elf annihilator casts a spell at you.
The crystal spear hits you!
You die...

## ##.## .### #.# ...# #e#
####################.[# ### #
#.......#........e.# #.# #
##......##....1...## #.# #
#'#...........##(# #.#
#####.#........[e3##(# #.#
)....)'........e@# #.# #.#
......#..........###(# #.#
#.#####..........'.).######.#
#.# #........)####........#
#.# #.......).)# ########.#
#.#####..........### #.#
......'......#..)..# #.#
..#####.....####.[.#
######'## ..### #####'#
##)..###.......##


You could see a Hell Sentinel, 2 deep elf annihilators, a deep elf demonologist
and a ynoxinul.

Vanquished Creatures
  the Lernaean hydra (Swamp:4)
  Arachne (Spider:4)
  Nikola (Elf:1)
  A tentacled monstrosity (Swamp:2)
  Asterion (Elf:3)
  A deep elf master archer (Elf:3)
  A thorn hunter (Swamp:3)
  Kirke (Lair:5)
  A fire giant (D:15)
  A frost giant (IceCv)
  6 deep elf sorcerers
  2 orc warlords
  Louise (Spider:1)
  4 emperor scorpions
  4 ghost moths (Spider:4)
  2 deep elf elementalists (Elf:3)
  3 entropy weavers
  3 deep elf demonologists (Elf:3)
  6 deep elf annihilators
  2 spark wasps (Spider:4)
  The ghost of Gozxo the Blocker, a journeyman TrFi of Cheibriados (Lair:3)
  5 deep elf high priests (Elf:3)
  4 deep elf death magi
  5 vault guards
  Fannar (Lair:1)
  30 hydras
  A catoblepas (D:15)
  3 ghost crabs (Swamp:4)
  Erica (D:8)
  15 alligators
  5 centaur warriors
  2 two-headed ogres
  7 death yaks
  26 dancing weapons
  A small abomination (Elf:3)
  Urug (Lair:4)
  2 orc high priests (Orc:2)
  2 vampire magi (D:11)
  19 deep elf knights
  7 skeletal warriors
  4 unseen horrors
  3 spriggan druids
  2 shambling mangroves
  10 swamp dragons
  2 wizards (Elf:1)
  10 deep elf archers
  17 orb spiders
  3 oklob plants (Lair:4)
  2 manticores (D:15)
  12 ugly things
  68 deep elf magi
  8 orc sorcerers
  24 wolf spiders
  5 cyclopes
  The ghost of Darkell the Sneak, a novice DsIE (D:6)
  9 elephants
  An ice statue (IceCv)
  7 naga magi (D:11)
  4 black mambas (Lair:5)
  Psyche (D:8)
  2 torpor snails
  2 gargoyles
  3 centaur skeletons
  2 kobold demonologists
  A rime drake (shapeshifter) (Elf:1)
  12 spiny frogs
  A redback zombie (D:15)
  6 rime drakes
  4 komodo dragons
  11 demonic crawlers
  A polar bear (shapeshifter) (D:14)
  6 trolls
  3 meliai (Spider:2)
  40 jumping spiders
  14 polar bears (IceCv)
  14 tyrant leeches
  Grinder (D:3)
  23 hornets
  16 slime creatures
  7 dream sheep (Lair:4)
  12 blink frogs
  13 bog bodies
  A vampire (D:14)
  5 spriggans
  30 tarantellas
  15 hippogriffs
  56 redbacks
  3 water elementals (Elf:2)
  3 wraiths
  A shadow (D:14)
  3 wyverns
  2 basilisks
  3 hogs (Lair:5)
  47 yaks
  4 fire elementals
  3 hungry ghosts
  11 vampire mosquitoes
  4 wargs
  A soldier ant (D:15)
  9 insubstantial wisps
  20 swamp worms
  An acid dragon (D:13)
  5 porcupines
  4 water moccasins
  14 swamp drakes
  37 orc warriors
  2 black bears
  5 ice beasts
  13 wolves (IceCv)
  15 ogres
  An eye of draining (D:13)
  5 necrophages
  3 phantoms
  6 sky beasts
  A boggart (Elf:1)
  20 centaurs
  6 crocodiles
  An elf zombie (Ossuary)
  2 big kobolds
  13 bullfrogs
  8 gnoll sergeants
  An earth elemental (Elf:1)
  4 scorpions
  16 killer bees
  20 wights
  2 howler monkeys
  4 electric eels
  8 crimson imps
  8 centaur zombies
  4 jellies
  2 bullfrog zombies
  A quasit (D:6)
  5 hounds
  22 orc wizards
  5 gnoll shamans (Bailey)
  16 orc priests
  A bullfrog skeleton (D:5)
  6 iguanas
  15 worker ants
  A killer bee zombie (D:5)
  A hound zombie (Ossuary)
  A hound skeleton (D:8)
  2 mummies
  Robin (D:3)
  23 gnolls
  A howler monkey skeleton (D:6)
  22 adders
  4 river rats
  A shadow imp (D:6)
  5 oozes
  An adder skeleton (D:9)
  2 adder zombies
  8 worms
  2 dart slugs
  7 leopard geckos
  121 orcs
  10 giant cockroaches
  A gnoll zombie (Ossuary)
  16 goblins
  13 hobgoblins
  5 jackals
  5 quokkas
  7 bats
  3 frilled lizards
  A goblin zombie (Ossuary)
  A hobgoblin zombie (Ossuary)
  2 jackal skeletons
  23 kobolds
  A kobold zombie (Ossuary)
  A leopard gecko skeleton (D:6)
  An orc zombie (Ossuary)
  A quokka zombie (D:8)
  15 rats
  2 fungi (D:5)
  A plant (Lair:5)
1403 creatures vanquished.

Vanquished Creatures (collateral kills)
  A minotaur (Lab)
  A fire dragon (Lair:5)
  A death knight (D:15)
  A two-headed ogre (D:8)
  2 wolf spiders (Spider:4)
  An orb spider (Spider:4)
  2 demonic crawlers (Spider:4)
  A jumping spider (Spider:4)
  A swamp worm (Lair:4)
  2 orc warriors (D:10)
  An ogre (D:11)
  A big kobold (D:9)
  An elf zombie (Ossuary)
  A gnoll sergeant (Bailey)
  2 killer bees
  7 wights
  2 howler monkeys (D:9)
  A human zombie (Ossuary)
  A gnoll shaman (Bailey)
  2 orc priests
  3 mummies (Ossuary)
  A gnoll (D:7)
  13 orcs
  A gnoll zombie (Ossuary)
  2 kobolds (D:9)
  An orc zombie (Ossuary)
53 creatures vanquished.

Vanquished Creatures (others)
  A spriggan druid (Swamp:4)
  A swamp worm (Swamp:4)
  A swamp drake (Swamp:1)
  An eye of draining (D:12)
  3 orcs
  16 fungi
  3 plants
26 creatures vanquished.

Grand Total: 1482 creatures vanquished

Notes
Turn   | Place    | Note
-------+----------+-------------------------------------------
     0 | D:1      | Fymir27 the Minotaur Berserker began the quest for the Orb.
     0 | D:1      | Reached XP level 1. HP: 19/19 MP: 0/0
   134 | D:1      | Reached XP level 2. HP: 24/27 MP: 1/1
   313 | D:1      | Reached ** piety under Trog
   493 | D:1      | Reached XP level 3. HP: 21/33 MP: 2/2
   651 | D:1      | Reached skill level 4 in Fighting
   982 | D:2      | Reached XP level 4. HP: 40/40 MP: 3/3
  1239 | D:2      | Reached skill level 1 in Axes
  1499 | D:2      | Reached skill level 5 in Maces & Flails
  1499 | D:2      | Reached XP level 5. HP: 47/47 MP: 4/4
  1742 | D:3      | Reached *** piety under Trog
  1789 | D:3      | Found an ancient bone altar of Kikubaaqudgha.
  1918 | D:3      | Noticed Grinder
  1937 | D:3      | Paralysed by Grinder for 7 turns
  1947 | D:3      | Killed Grinder
  1947 | D:3      | Reached skill level 5 in Fighting
  1947 | D:3      | Reached XP level 6. HP: 33/56 MP: 5/5
  2124 | D:3      | Found a shattered altar of Ashenzari.
  2238 | D:3      | Noticed Robin
  2252 | D:3      | Killed Robin
  2707 | D:4      | Reached XP level 7. HP: 56/61 MP: 6/6
  2805 | D:4      | Reached **** piety under Trog
  2861 | D:4      | Reached skill level 5 in Armour
  2990 | D:4      | Reached skill level 6 in Fighting
  2993 | D:4      | Found a sand-covered staircase.
  3015 | Ossuary  | Entered an ossuary
  3029 | Ossuary  | Reached skill level 5 in Dodging
  3029 | Ossuary  | Reached XP level 8. HP: 49/70 MP: 7/7
  3460 | D:5      | Entered Level 5 of the Dungeon
  3852 | D:5      | Found Goynogoh's Assorted Antiques.
  4081 | D:5      | Reached skill level 7 in Fighting
  4099 | D:5      | Found Yput's Weapon Shop.
  4110 | D:5      | Reached skill level 1 in Crossbows
  4512 | D:6      | Found Juluh's Elemental Accessories.
  4523 | D:6      | Reached XP level 9. HP: 79/79 MP: 8/8
  4687 | D:6      | Found a shimmering altar of Xom.
  4706 | D:6      | Reached ***** piety under Trog
  4769 | D:6      | Found a runed door.
  4773 | D:6      | Noticed Darkell's ghost (novice DsIE)
  4805 | D:6      | Reached skill level 10 in Maces & Flails
  4895 | D:6      | Found a glowing drain.
  4903 | Sewer    | Entered a sewer
  5010 | Sewer    | Found a white marble altar of Elyvilon.
  5408 | D:6      | Killed Darkell's ghost
  5408 | D:6      | Reached skill level 8 in Fighting
  5516 | D:7      | Found Taadghe's General Store.
  5588 | D:7      | Bought a scroll of identify for 24 gold pieces
  5588 | D:7      | Bought a scroll of identify for 24 gold pieces
  5588 | D:7      | Bought a scroll of identify for 24 gold pieces
  5588 | D:7      | Bought a scroll of blinking for 90 gold pieces
  5588 | D:7      | Bought a scroll of identify for 24 gold pieces
  5644 | D:7      | Found a blossoming altar of Fedhas.
  5686 | D:7      | Reached XP level 10. HP: 89/89 MP: 9/9
  5807 | D:7      | Found a staircase to the Ecumenical Temple.
  6452 | D:7      | Received a gift from Trog
  6763 | D:8      | Found a white marble altar of Elyvilon.
  6784 | D:8      | Found Qatzischi's Assorted Antiques.
  7052 | D:8      | Found a snail-covered altar of Cheibriados.
  7163 | D:8      | Noticed Psyche
  7170 | D:8      | Killed Psyche
  7214 | D:8      | Reached skill level 9 in Fighting
  7214 | D:8      | Reached skill level 5 in Crossbows
  7224 | D:8      | Noticed Erica
  7247 | D:8      | Killed Erica
  7332 | D:8      | Noticed a two-headed ogre
  7338 | D:8      | Killed a two-headed ogre
  7616 | D:9      | Reached XP level 11. HP: 97/97 MP: 10/10
  7733 | D:9      | Noticed a two-headed ogre
  7741 | D:9      | Killed a two-headed ogre
  7938 | D:9      | Found Estuf's Antique Armour Boutique.
  8031 | D:9      | Found a stormy altar of Qazlal.
  8065 | D:9      | Bought an embroidered scarf for 192 gold pieces
  8168 | D:9      | Received a gift from Trog
  8513 | D:10     | Entered Level 10 of the Dungeon
  8513 | D:10     | Noticed an unseen horror
  8820 | D:10     | Found a staircase to the Orcish Mines.
  8837 | D:10     | Reached skill level 10 in Fighting
  9170 | D:10     | Found a staircase to the Lair.
  9257 | D:10     | Killed an unseen horror
  9664 | D:11     | Found a flagged portal.
  9684 | Bailey   | Entered a bailey
  9795 | Bailey   | Received a gift from Trog
  9876 | Bailey   | Reached skill level 10 in Armour
 10316 | D:11     | Found Ymoil's Assorted Antiques.
 10346 | D:11     | Noticed a sixfirhy
 10355 | D:11     | Noticed a sixfirhy
 10355 | D:11     | Received a gift from Trog
 10611 | D:11     | Found Viycait's Magic Scroll Boutique.
 10626 | D:11     | Reached XP level 12. HP: 99/107 MP: 11/11
 10664 | D:11     | Reached skill level 1 in Evocations
 10817 | D:11     | Noticed an eight-headed hydra
 10821 | D:11     | Killed an eight-headed hydra
 11058 | D:11     | Reached skill level 11 in Fighting
 11084 | D:11     | Noticed a vampire mage
 11093 | D:11     | Killed a vampire mage
 11101 | D:11     | Reached skill level 10 in Dodging
 11133 | D:11     | Noticed a two-headed ogre
 11141 | D:11     | Killed a two-headed ogre
 11158 | D:11     | Found a deep blue altar of Sif Muna.
 11177 | D:11     | Noticed a vampire mage
 11197 | D:11     | Killed a vampire mage
 11199 | D:11     | Reached skill level 15 in Maces & Flails
 11205 | D:11     | Received a gift from Trog
 11498 | D:11     | Got a crude plate armour
 11569 | D:11     | Identified the +9 plate armour of the Ecumenical Temple
                  | {*Corrode +Inv Dex+2} (You found it on level 11 of the
                  | Dungeon)
 11736 | Lair:1   | Entered Level 1 of the Lair of Beasts
 11742 | Lair:1   | Got a smelly chain mail
 11753 | Lair:1   | Identified the +1 chain mail of Veenn {rF+ rCorr} (You
                  | found it on level 1 of the Lair of Beasts)
 11800 | Lair:1   | Reached XP level 13. HP: 110/116 MP: 4/14
 11917 | Lair:1   | Noticed Fannar
 11928 | Lair:1   | Killed Fannar
 12144 | Lair:1   | Identified a scroll of acquirement
 12908 | Lair:2   | Found a hole to the Spider Nest.
 13351 | Lair:3   | Found a frozen archway.
 13370 | IceCv    | Entered an ice cave
 13877 | IceCv    | Reached skill level 5 in Evocations
 13953 | IceCv    | Received a gift from Trog
 14026 | IceCv    | Noticed a frost giant
 14046 | IceCv    | Killed a frost giant
 14049 | IceCv    | Reached skill level 12 in Fighting
 14449 | Lair:3   | Found a large runed door.
 14449 | Lair:3   | Found a large runed door.
 14458 | Lair:3   | Noticed Gozxo's ghost (journeyman TrFi)
 14842 | Lair:3   | Found a sparkling altar of Nemelex Xobeh.
 15373 | Lair:4   | Reached XP level 14. HP: 126/126 MP: 5/17
 15454 | Lair:4   | Got a fine arbalest
 15965 | Lair:4   | Identified the +0 arbalest "Minotaur's Bane" {penet, Str+3}
                  | (You found it on level 4 of the Lair of Beasts)
 16035 | Lair:4   | Noticed Urug
 16052 | Lair:4   | Killed Urug
 16203 | Lair:4   | Found a staircase to the Swamp.
 17309 | Lair:5   | Reached skill level 10 in Crossbows
 17346 | Lair:5   | Noticed Kirke
 17677 | Lair:5   | Reached skill level 1 in Shields
 17706 | Lair:5   | Killed Kirke
 18311 | D:12     | Received a gift from Trog
 18510 | D:13     | Found a gate to the Vaults.
 19239 | D:13     | Reached XP level 15. HP: 97/134 MP: 15/20
 19917 | D:13     | Reached skill level 13 in Fighting
 20211 | D:14     | Received a gift from Trog
 20262 | D:14     | Found a labyrinth entrance.
 20270 | Lab      | Entered a labyrinth
 20558 | Lab      | Got a scorched broad axe
 21176 | D:15     | Entered Level 15 of the Dungeon
 21220 | D:15     | Found a staircase to the Depths.
 21220 | D:15     | Noticed a fire giant
 21239 | D:15     | Killed a fire giant
 21981 | D:15     | Received a gift from Trog
 22013 | D:15     | Reached skill level 5 in Shields
 22390 | D:11     | Bought a scroll of identify for 30 gold pieces
 22390 | D:11     | Bought a scroll of enchant weapon for 112 gold pieces
 22390 | D:11     | Bought a scroll of identify for 30 gold pieces
 22390 | D:11     | Bought a scroll of identify for 30 gold pieces
 22390 | D:11     | Identified the +1 broad axe of the Pits of Slime {freeze,
                  | *Drain rPois rC+ MR+} (You found it in a labyrinth)
 22445 | Orc:1    | Entered Level 1 of the Orcish Mines
 22607 | Orc:2    | Entered Level 2 of the Orcish Mines
 22804 | Orc:2    | Noticed an orc warlord
 23082 | Orc:2    | Killed an orc warlord
 23142 | Orc:2    | Found a roughly hewn altar of Beogh.
 23162 | Orc:2    | Found Busa's Weapon Emporium.
 23243 | Orc:2    | Found Xakk's Antique Weapon Emporium.
 23247 | Orc:2    | Found a roughly hewn altar of Beogh.
 23250 | Orc:2    | Found Ontedgh's Antique Armour Shoppe.
 23321 | Orc:2    | Found a staircase to the Elven Halls.
 23361 | Orc:2    | Found a roughly hewn altar of Beogh.
 23368 | Orc:2    | Received a gift from Trog
 23477 | Orc:2    | Found a roughly hewn altar of Beogh.
 23493 | Orc:2    | Found a roughly hewn altar of Beogh.
 23560 | Orc:2    | Found a roughly hewn altar of Beogh.
 23576 | Orc:2    | Found Diwny's Magic Scroll Shoppe.
 23587 | Orc:2    | Bought a scroll of identify for 26 gold pieces
 23587 | Orc:2    | Bought a scroll of identify for 26 gold pieces
 23587 | Orc:2    | Bought a scroll of enchant weapon for 97 gold pieces
 23782 | Orc:1    | Reached ****** piety under Trog
 23876 | Orc:1    | Found a roughly hewn altar of Beogh.
 24009 | Orc:1    | Reached skill level 10 in Evocations
 24012 | Orc:1    | Noticed an orc warlord
 24035 | Orc:1    | Killed an orc warlord
 24035 | Orc:1    | Reached XP level 16. HP: 129/145 MP: 22/22
 24116 | Orc:1    | Found a roughly hewn altar of Beogh.
 24322 | Swamp:1  | Entered Level 1 of the Swamp
 24328 | Swamp:1  | Received a gift from Trog
 24344 | Swamp:1  | Found a shadowy altar of Dithmenos.
 24497 | Swamp:1  | Reached skill level 14 in Fighting
 24611 | Swamp:1  | Received a gift from Trog
 25333 | Swamp:2  | Noticed a tentacled monstrosity
 25361 | Swamp:2  | Killed a tentacled monstrosity
 25951 | Swamp:3  | Noticed a thorn hunter
 25964 | Swamp:3  | Killed a thorn hunter
 26076 | Swamp:3  | Received a gift from Trog
 26479 | Swamp:3  | Reached skill level 15 in Fighting
 26837 | Swamp:4  | Entered Level 4 of the Swamp
 27354 | Swamp:4  | Reached XP level 17. HP: 140/156 MP: 24/24
 27365 | Swamp:4  | Received a gift from Trog
 27391 | Swamp:4  | Noticed the 27-headed Lernaean hydra
 27929 | Swamp:4  | Killed the 27-headed Lernaean hydra
 27998 | Swamp:4  | Got a decaying rune of Zot
 28025 | Swamp:4  | Reached skill level 16 in Fighting
 28519 | Lair:3   | Killed Gozxo's ghost
 28568 | Spider:1 | Entered Level 1 of the Spider Nest
 28858 | Spider:1 | Reached skill level 15 in Armour
 28952 | Spider:1 | Noticed Louise
 28966 | Spider:1 | Killed Louise
 28977 | Spider:1 | Identified the +6 large shield of the Iron City of Dis
                  | {Int+6} (You took it off Louise on level 1 of the Spider
                  | Nest)
 29356 | Spider:2 | Received a gift from Trog
 30302 | Spider:3 | Reached skill level 10 in Shields
 30725 | Spider:3 | Received a gift from Trog
 30906 | Spider:3 | Received a gift from Trog
 31017 | Spider:4 | Entered Level 4 of the Spider Nest
 31100 | Spider:4 | Received a gift from Trog
 31237 | Spider:4 | Reached XP level 18. HP: 168/168 MP: 25/25
 31518 | Spider:4 | Received a gift from Trog
 31694 | Spider:4 | Noticed Arachne
 31711 | Spider:4 | Killed Arachne
 31711 | Spider:4 | Received a gift from Trog
 31877 | Spider:4 | Reached skill level 17 in Fighting
 32128 | Spider:4 | Got a gossamer rune of Zot
 32991 | Elf:1    | Entered Level 1 of the Elven Halls
 33036 | Elf:1    | Found Comoit's Gadget Shoppe.
 33170 | Elf:1    | Noticed Nikola
 33182 | Elf:1    | Killed Nikola
 33217 | Elf:1    | Found Ejuzotach's Magic Scroll Emporium.
 33227 | Elf:1    | Bought a scroll of enchant armour for 82 gold pieces
 33227 | Elf:1    | Bought a scroll of enchant weapon for 82 gold pieces
 33381 | Elf:1    | Found Ziokhloips's Gadget Emporium.
 33406 | Elf:1    | Reached skill level 15 in Dodging
 33510 | Elf:1    | Received a gift from Trog
 34270 | Elf:2    | Received a gift from Trog
 34324 | Elf:2    | Found a runed gate.
 34327 | Elf:2    | Found a runed gate.
 34328 | Elf:2    | Found a runed gate.
 34365 | Elf:2    | Reached XP level 19. HP: 177/177 MP: 27/27
 34368 | Elf:2    | Received a gift from Trog
 34749 | Elf:2    | Received a gift from Trog
 35058 | Elf:2    | Received a gift from Trog
 35132 | Elf:3    | Entered Level 3 of the Elven Halls
 35496 | Elf:3    | Found Cumum's Antique Weapon Shoppe.
 35539 | Elf:3    | Received a gift from Trog
 35598 | Elf:3    | Noticed Asterion
 35609 | Elf:3    | Killed Asterion
 35662 | Elf:3    | Reached skill level 18 in Fighting
 35662 | Elf:3    | Reached skill level 15 in Shields
 35803 | Elf:3    | Received a gift from Trog
 36340 | Elf:3    | Killed from afar by a deep elf annihilator

Skill      XL: |  1  2  3  4  5  6  7  8  9 10 11 12 13 14 15 16 17 18 19 |
---------------+----------------------------------------------------------+-----
Maces & Flails | 4 5 6 7 9 10 12 13 15 16 17 | 17.9
Fighting       | 4 5 6 7 8 9 10 11 12 13 15 16 17 18 | 18.2
Armour         | 3 4 5 6 7 9 10 11 12 13 14 15 16 17 | 17.2
Dodging        | 3 4 5 6 7 8 9 10 11 12 13 14 15 16 | 16.0
Axes           | 1 |  1.3
Crossbows      | 1 3 5 7 8 9 10 | 10.0
Evocations     | 3 6 8 10 11 12 | 12.0
Shields        | 4 5 8 11 13 15 | 15.6

Action                   |  1- 3 |  4- 6 |  7- 9 | 10-12 | 13-15 | 16-18 | 19-21 || total
-------------------------+-------+-------+-------+-------+-------+-------+-------++-------
Melee: Mace              |    64 |    14 |       |       |       |       |       ||    78
       Headbutt          |    12 |     9 |    39 |   119 |   399 |   481 |    92 ||  1151
       Hand axe          |       |    98 |   182 |       |       |       |       ||   280
       War axe           |       |       |    58 |   369 |   324 |       |       ||   751
       Dire flail        |       |       |       |   179 |       |       |       ||   179
       Great mace        |       |       |       |    22 |   420 |       |       ||   442
       Unarmed           |       |       |       |       |    32 |       |       ||    32
       Demon whip        |       |       |       |       |   521 |  1537 |   328 ||  2386
 Fire: Hand crossbow     |       |       |     1 |       |     6 |   194 |    27 ||   228
       Arbalest          |       |       |       |    17 |    18 |       |       ||    35
Throw: Stone             |       |     2 |     4 |       |       |       |       ||     6
       Throwing net      |       |       |       |       |     3 |       |       ||     3
Invok: Berserk           |     4 |     6 |    10 |    17 |    20 |    19 |     1 ||    77
       Trog's Hand       |       |     1 |     1 |     6 |     4 |     5 |     2 ||    19
       Brothers in Arms  |       |       |     3 |     7 |     6 |     2 |       ||    18
 Abil: Evoke Invisibilit |       |       |       |       |     4 |     5 |       ||     9
       Evoke Flight      |       |       |       |       |       |     4 |       ||     4
       Stop Flying       |       |       |       |       |       |     1 |       ||     1
Evoke: Wand              |       |       |       |       |     6 |     2 |     6 ||    14
  Use: Scroll            |       |       |    18 |     9 |    17 |     9 |     1 ||    54
       Potion            |       |       |       |       |     2 |       |     1 ||     3
 Stab: Invisible         |       |       |       |       |    10 |    19 |       ||    29
       Held in net/web   |       |       |       |       |     3 |       |       ||     3
  Eat: Chunk             |     3 |    12 |    13 |    35 |    53 |    46 |     7 ||   169
       Ration            |       |     1 |     1 |     3 |     3 |     3 |       ||    11
Armor: Animal skin       |     5 |       |       |       |       |       |       ||     5
       Leather armour    |     7 |     6 |       |       |       |       |       ||    13
       Ring mail         |       |    29 |    22 |       |       |       |       ||    51
       Scale mail        |       |       |    48 |   248 |    43 |       |       ||   339
       Plate armour      |       |       |       |     5 |   420 |   557 |    37 ||  1019
       Chain mail        |       |       |       |       |       |     1 |       ||     1
Dodge: Dodged            |    36 |    89 |   149 |   391 |   727 |   585 |    32 ||  2009
Block: Buckler           |       |       |       |       |   179 |   184 |       ||   363
       Large shield      |       |       |       |       |       |   950 |   210 ||  1160
